| TOP OF THE 1ST |
|
Calgary Flames batting - Pitching for Tijuana Toros : RHP Kevin Fleming
|
|
Pitching: RHP Kevin Fleming
|
|
|
Batting: RHB Dave McBain
|
0-0: Called Strike 0-1: Ground out 4-3 (Groundball, 4, EV 86.3 MPH)
|
|
Batting: RHB Elias Vences
|
0-0: Ball 1-0: Called Strike 1-1: Foul Ball, location: 2F 1-2: Foul Ball, location: 2F 1-2: TRIPLE (Flyball, 9LD, EV 112.5 MPH)
|
|
Batting: RHB Eric McMillian
|
0-0: Called Strike 0-1: Ground out 1-3 (Groundball, 13, EV 71.3 MPH)
|
|
Batting: RHB Adrian Cook
|
0-0: Foul Ball, location: 2F 0-1: SINGLE (Groundball, 25, EV 66.3 MPH) (infield hit) Elias Vences scores
|
|
Batting: RHB Ricardo Ortiz
|
0-0: Ball 1-0: Called Strike Adrian Cook steals 2nd base 1-1: Swinging Strike 1-2: DOUBLE (Line Drive, 78D, EV 105.0 MPH) Adrian Cook scores
|
|
Batting: RHB Mike MacLeod
|
0-0: Called Strike 0-1: Called Strike 0-2: Foul Ball, location: 2F 0-2: Foul Ball, location: 2F 0-2: Ball 1-2: Foul Ball, location: 2F 1-2: Foul Ball, location: 2F 1-2: Ball 2-2: Strikes out swinging
|
| Top of the 1st over - 2 runs, 3 hits, 0 errors, 1 left on base; Calgary 2 - Tijuana 0 |
| BOTTOM OF THE 1ST |
|
Tijuana Toros batting - Pitching for Calgary Flames : LHP Dae-Jung Cho
|
|
Pitching: LHP Dae-Jung Cho
|
|
|
Batting: LHB Nate Kee
|
0-0: Ball 1-0: Ball 2-0: Ball 3-0: Called Strike 3-1: Swinging Strike 3-2: Strikes out swinging
|
|
Batting: LHB Steve Pond
|
0-0: Ball 1-0: Foul Ball, location: 2F 1-1: Ball 2-1: Foul Ball, location: 2F 2-2: Ball 3-2: Fly out, F4 (Flyball, 34D, EV 85.0 MPH)
|
|
Batting: RHB Chad Rojas
|
0-0: Ball 1-0: Foul Ball, location: 2F 1-1: Foul Ball, location: 2F 1-2: Ball 2-2: Fly out, F7 (Flyball, 78S, EV 90.6 MPH)
|
| Bottom of the 1st over - 0 runs, 0 hits, 0 errors, 0 left on base; Calgary 2 - Tijuana 0 |
| TOP OF THE 2ND |
|
Calgary Flames batting - Pitching for Tijuana Toros : RHP Kevin Fleming
|
|
Pitching: RHP Andrew Telles
|
|
|
Batting: RHB Ed Oake
|
0-0: Ball 1-0: Called Strike 1-1: Called Strike 1-2: Foul Ball, location: 2F 1-2: Strikes out swinging
|
|
Batting: LHB Lu-po-teh Zhou
|
0-0: Foul Ball, location: 2F 0-1: Ball 1-1: Ball 2-1: Fly out, F9 (Flyball, 9, EV 81.3 MPH)
|
|
Batting: RHB Jon Groseclose
|
0-0: SOLO HOME RUN (Flyball, 9LD, EV 92.5 MPH), Distance : 354 ft
|
|
Batting: RHB Dave McBain
|
0-0: Ball 1-0: Ball 2-0: Ball 3-0: Called Strike 3-1: Base on Balls
|
|
Batting: RHB Elias Vences
|
0-0: Ball 1-0: Called Strike 1-1: Called Strike Pickoff Throw to First - Error! E1 Dave McBain to second 1-2: Foul Ball, location: 2F 1-2: Ball 2-2: Ball 3-2: Foul Ball, location: 2F 3-2: SINGLE (Groundball, 56, EV 75.0 MPH) (infield hit) Dave McBain to third
|
|
Pitching: RHP Jordan Amaker
|
|
|
Batting: RHB Eric McMillian
|
0-0: Called Strike 0-1: Foul Ball, location: 2F 0-2: Strikes out swinging
|
| Top of the 2nd over - 1 run, 2 hits, 1 error, 2 left on base; Calgary 3 - Tijuana 0 |
| BOTTOM OF THE 2ND |
|
Tijuana Toros batting - Pitching for Calgary Flames : LHP Dae-Jung Cho
|
|
Batting: RHB Joe Bower
|
0-0: Fly out, F8 (Flyball, 8LS, EV 88.8 MPH)
|
|
Batting: RHB Pat Adams
|
0-0: Swinging Strike 0-1: Foul Ball, location: 2F 0-2: Ball 1-2: Fly out, F9 (Line Drive, 9, EV 94.4 MPH)
|
|
Batting: RHB David Watkins
|
0-0: Foul Ball, location: 2F 0-1: Ball 1-1: Ball 2-1: Fly out, F5 (Flyball, 5D, EV 91.9 MPH)
|
| Bottom of the 2nd over - 0 runs, 0 hits, 0 errors, 0 left on base; Calgary 3 - Tijuana 0 |
| TOP OF THE 3RD |
|
Calgary Flames batting - Pitching for Tijuana Toros : RHP Jordan Amaker
|
|
Batting: RHB Adrian Cook
|
0-0: Called Strike 0-1: Ball 1-1: Foul Ball, location: 2F 1-2: Foul Ball, location: 2F 1-2: Strikes out swinging
|
|
Batting: RHB Ricardo Ortiz
|
0-0: Called Strike 0-1: Ball 1-1: Foul Ball, location: 2F 1-2: SINGLE (Groundball, 34D, EV 95.0 MPH)
|
|
Batting: RHB Mike MacLeod
|
0-0: Called Strike 0-1: Ball 1-1: Ball 2-1: Swinging Strike 2-2: Ball 3-2: Foul Ball, location: 2F 3-2: Strikes out swinging
|
|
Pitching: LHP Bryan Rouse
|
|
|
Batting: RHB Ed Oake
|
0-0: Ball 1-0: SINGLE (Groundball, 3D, EV 110.6 MPH) Ricardo Ortiz to second Runner from 2nd tries for 3rd, SAFE, throw by RF made to third
|
|
Batting: LHB Lu-po-teh Zhou
|
0-0: Called Strike 0-1: Swinging Strike 0-2: Ball 1-2: Foul Ball, location: 2F 1-2: Strikes out swinging
|
| Top of the 3rd over - 0 runs, 2 hits, 0 errors, 2 left on base; Calgary 3 - Tijuana 0 |
| BOTTOM OF THE 3RD |
|
Tijuana Toros batting - Pitching for Calgary Flames : LHP Dae-Jung Cho
|
|
Batting: RHB Mike Kaczor
|
0-0: Ball 1-0: Ball 2-0: Called Strike 2-1: Ball 3-1: Ground out 1-3 (Groundball, 13S, EV 72.5 MPH)
|
|
Batting: SHB Shane Marcum
|
0-0: Called Strike 0-1: Fly out, F8 (Flyball, 89D, EV 97.5 MPH)
|
|
Batting: RHB Ruben Irizarry
|
0-0: Called Strike 0-1: Called Strike 0-2: Strikes out swinging
|
| Bottom of the 3rd over - 0 runs, 0 hits, 0 errors, 0 left on base; Calgary 3 - Tijuana 0 |
| TOP OF THE 4TH |
|
Calgary Flames batting - Pitching for Tijuana Toros : LHP Bryan Rouse
|
|
Batting: RHB Jon Groseclose
|
0-0: Ball 1-0: Called Strike 1-1: Ball 2-1: Foul Ball, location: 2F 2-2: Fly out, F7 (Line Drive, 7, EV 96.9 MPH)
|
|
Batting: RHB Dave McBain
|
0-0: Ground out 4-3 (Groundball, 34, EV 89.4 MPH)
|
|
Batting: RHB Elias Vences
|
0-0: Called Strike 0-1: Hit by Pitch
|
|
Batting: RHB Eric McMillian
|
0-0: Ball 1-0: Ball 2-0: SINGLE (Groundball, 34D, EV 109.4 MPH) Elias Vences to second
|
|
Pitching: RHP Alfredo Sanchez
|
|
|
Batting: RHB Adrian Cook
|
0-0: Ball 1-0: Ball 2-0: Ball 3-0: Base on Balls Elias Vences to third Eric McMillian to second
|
|
Batting: RHB Ricardo Ortiz
|
0-0: Ball 1-0: Foul Ball, location: 2F 1-1: Ball 2-1: Foul Ball, location: 2F 2-2: Strikes out swinging
|
| Top of the 4th over - 0 runs, 1 hit, 0 errors, 3 left on base; Calgary 3 - Tijuana 0 |
| BOTTOM OF THE 4TH |
|
Tijuana Toros batting - Pitching for Calgary Flames : LHP Dae-Jung Cho
|
|
Batting: LHB Nate Kee
|
0-0: Called Strike 0-1: Foul Ball, location: 2F 0-2: Ball 1-2: Foul Ball, location: 2F 1-2: Ball 2-2: Ball 3-2: Strikes out swinging
|
|
Batting: LHB Steve Pond
|
0-0: Ball 1-0: Ground out 5-3 (Groundball, 56, EV 83.8 MPH)
|
|
Batting: RHB Chad Rojas
|
0-0: Ball 1-0: Swinging Strike 1-1: Ball 2-1: Swinging Strike 2-2: Fly out, F8 (Flyball, 78D, EV 86.3 MPH)
|
| Bottom of the 4th over - 0 runs, 0 hits, 0 errors, 0 left on base; Calgary 3 - Tijuana 0 |
| TOP OF THE 5TH |
|
Calgary Flames batting - Pitching for Tijuana Toros : RHP Alfredo Sanchez
|
|
Batting: RHB Mike MacLeod
|
0-0: Called Strike 0-1: Ground out 2-3 (Groundball, 2L, EV 66.3 MPH)
|
|
Batting: RHB Ed Oake
|
0-0: Ball 1-0: Foul Ball, location: 2F 1-1: Swinging Strike 1-2: Foul Ball, location: 2F 1-2: Ball 2-2: Fly out, F8 (Flyball, 89S, EV 91.9 MPH)
|
|
Batting: LHB Lu-po-teh Zhou
|
0-0: Called Strike 0-1: Foul Ball, location: 2F 0-2: SINGLE (Groundball, 4MD, EV 99.4 MPH)
|
|
Pitching: RHP Balinda Msrah
|
|
|
Batting: RHB Jon Groseclose
|
0-0: Swinging Strike 0-1: Ball Pickoff Throw to First - Out! 1-3
|
| Top of the 5th over - 0 runs, 1 hit, 0 errors, 0 left on base; Calgary 3 - Tijuana 0 |
| BOTTOM OF THE 5TH |
|
Tijuana Toros batting - Pitching for Calgary Flames : LHP Dae-Jung Cho
|
|
Batting: RHB Joe Bower
|
0-0: Called Strike 0-1: Ball 1-1: Called Strike 1-2: Strikes out swinging
|
|
Batting: RHB Pat Adams
|
0-0: Ball 1-0: Called Strike 1-1: Called Strike 1-2: Ball 2-2: Ball 3-2: Strikes out swinging
|
|
Batting: RHB David Watkins
|
0-0: Ball 1-0: Ball 2-0: SINGLE (Groundball, 6D, EV 100.0 MPH)
|
|
Batting: RHB Mike Kaczor
|
0-0: Called Strike 0-1: Fly out, F7 (Flyball, 7LM, EV 75.6 MPH)
|
| Bottom of the 5th over - 0 runs, 1 hit, 0 errors, 1 left on base; Calgary 3 - Tijuana 0 |
| TOP OF THE 6TH |
|
Calgary Flames batting - Pitching for Tijuana Toros : RHP Balinda Msrah
|
|
Batting: RHB Jon Groseclose
|
0-0: Called Strike 0-1: Ball 1-1: Foul Ball, location: 2F 1-2: SINGLE (Line Drive, 6MD, EV 103.1 MPH)
|
|
Batting: RHB Dave McBain
|
0-0: Ball 1-0: Ball 2-0: Swinging Strike 2-1: Ball 3-1: Foul Ball, location: 2F 3-2: SINGLE (Line Drive, 89S, EV 108.1 MPH) Jon Groseclose to second
|
|
Batting: RHB Elias Vences
|
0-0: Ball 1-0: Called Strike 1-1: Ball 2-1: Swinging Strike 2-2: Foul Ball, location: 2F 2-2: Strikes out swinging
|
|
Pitching: RHP Jeff Lewis
|
|
|
Batting: RHB Eric McMillian
|
0-0: Ball 1-0: Ball 2-0: SINGLE (Groundball, 6MD, EV 106.3 MPH) Jon Groseclose to third Dave McBain to second
|
|
Batting: RHB Adrian Cook
|
0-0: Ball 1-0: Called Strike 1-1: Foul Ball, location: 2F 1-2: Grounds into fielders choice 4-2 (Groundball, 4, EV 83.8 MPH) Dave McBain to third Eric McMillian to second
|
|
Batting: RHB Ricardo Ortiz
|
0-0: Foul Ball, location: 2F 0-1: Ball 1-1: Ball 2-1: SINGLE (Groundball, 6MD, EV 100.0 MPH) Dave McBain scores Eric McMillian to third Adrian Cook to second Runner from 3rd tries for Home, SAFE, throw by CF to home
|
|
Batting: RHB Mike MacLeod
|
0-0: SINGLE (Line Drive, 7S, EV 85.0 MPH) Adrian Cook to third Ricardo Ortiz to second Runner from 3rd tries for Home, SAFE, throw by LF to home
|
|
Now in LF: Justin Curran
|
|
|
Batting: RHB Ed Oake
|
0-0: Ball 1-0: Ball 2-0: Foul Ball, location: 2F 2-1: Ground out 4-3 (Groundball, 4, EV 103.8 MPH)
|
| Top of the 6th over - 3 runs, 5 hits, 0 errors, 2 left on base; Calgary 6 - Tijuana 0 |
| BOTTOM OF THE 6TH |
|
Tijuana Toros batting - Pitching for Calgary Flames : LHP Dae-Jung Cho
|
|
Batting: SHB Shane Marcum
|
0-0: Swinging Strike 0-1: Swinging Strike 0-2: Ball 1-2: Strikes out swinging
|
|
Batting: RHB Ruben Irizarry
|
0-0: Called Strike 0-1: Ball 1-1: Foul Ball, location: 2F 1-2: Foul Ball, location: 2F 1-2: Strikes out swinging
|
|
Batting: LHB Nate Kee
|
0-0: Ball 1-0: Ball 2-0: Foul Ball, location: 2F 2-1: Ball 3-1: Base on Balls
|
|
Batting: LHB Steve Pond
|
0-0: Ball 1-0: Called Strike 1-1: Called Strike 1-2: Foul Ball, location: 2F 1-2: Strikes out swinging
|
| Bottom of the 6th over - 0 runs, 0 hits, 0 errors, 1 left on base; Calgary 6 - Tijuana 0 |
| TOP OF THE 7TH |
|
Calgary Flames batting - Pitching for Tijuana Toros : RHP Jeff Lewis
|
|
Batting: LHB Lu-po-teh Zhou
|
0-0: Ball 1-0: Called Strike 1-1: Ground out 3-1 (Groundball, 34S, EV 91.3 MPH)
|
|
Pitching: RHP Gary Salazar
|
|
|
Batting: RHB Jon Groseclose
|
0-0: SOLO HOME RUN (Flyball, 9LD, EV 94.4 MPH), Distance : 339 ft
|
|
Batting: RHB Dave McBain
|
0-0: Called Strike 0-1: SINGLE (Line Drive, 3D, EV 100.6 MPH)
|
|
Batting: RHB Elias Vences
|
0-0: Foul Ball, location: 2F 0-1: Ball 1-1: Ball 2-1: DOUBLE (Line Drive, 9LD, EV 109.4 MPH) Dave McBain to third
|
|
Batting: RHB Eric McMillian
|
0-0: Ball 1-0: Ball 2-0: Called Strike 2-1: Swinging Strike 2-2: Foul Ball, location: 2F 2-2: Ball 3-2: SINGLE (Line Drive, 4MD, EV 95.0 MPH) Dave McBain scores Elias Vences to third Runner from 3rd tries for Home, throw by CF and OUT! 8-2 Eric McMillian to second
|
|
Batting: RHB Adrian Cook
|
0-0: Ball 1-0: Ball 2-0: Swinging Strike 2-1: Ball 3-1: Base on Balls
|
|
Batting: RHB Ricardo Ortiz
|
0-0: Ball 1-0: SINGLE (Line Drive, 7S, EV 98.8 MPH) Eric McMillian to third Adrian Cook to second Runner from 3rd tries for Home, SAFE, throw by LF to home
|
|
Batting: RHB Mike MacLeod
|
0-0: Called Strike 0-1: Ball 1-1: Foul Ball, location: 2F 1-2: Ball 2-2: DOUBLE (Line Drive, 7LS, EV 92.5 MPH) Adrian Cook scores Ricardo Ortiz to third
|
|
Pitching: RHP Theo Schepers
|
|
|
Batting: RHB Ed Oake
|
0-0: Ball 1-0: Foul Ball, location: 2F 1-1: Ball 2-1: Ball 3-1: Foul Ball, location: 2F 3-2: Base on Balls
|
|
Batting: LHB Lu-po-teh Zhou
|
0-0: Ball 1-0: Ball 2-0: Foul Ball, location: 2F 2-1: Called Strike 2-2: SINGLE (Line Drive, 7S, EV 90.0 MPH) Ricardo Ortiz scores Mike MacLeod to third Ed Oake to second Runner from 3rd tries for Home, throw by LF and OUT! 7-2
|
| Top of the 7th over - 5 runs, 7 hits, 0 errors, 2 left on base; Calgary 11 - Tijuana 0 |
| BOTTOM OF THE 7TH |
|
Tijuana Toros batting - Pitching for Calgary Flames : LHP Dae-Jung Cho
|
|
Batting: RHB Chad Rojas
|
0-0: Called Strike 0-1: Ball 1-1: Ball 2-1: Foul Ball, location: 2F 2-2: Ground out 4-3 (Groundball, 4, EV 91.9 MPH)
|
|
Batting: RHB Justin Curran
|
0-0: Ground out 6-3 (Groundball, 6MS, EV 88.1 MPH)
|
|
Pinch Hitting: RHB Djoka Subasic
|
0-0: Ball 1-0: SINGLE (Groundball, 56, EV 97.5 MPH)
|
|
Batting: RHB David Watkins
|
0-0: Called Strike 0-1: Swinging Strike 0-2: Strikes out looking
|
| Bottom of the 7th over - 0 runs, 1 hit, 0 errors, 1 left on base; Calgary 11 - Tijuana 0 |
| TOP OF THE 8TH |
|
Calgary Flames batting - Pitching for Tijuana Toros : RHP Theo Schepers
|
|
Now at 2B: Djoka Subasic
|
|
|
Batting: RHB Jon Groseclose
|
0-0: Foul Ball, location: 2F 0-1: Called Strike 0-2: Foul Ball, location: 2F 0-2: Foul Ball, location: 2F 0-2: Foul Ball, location: 2F 0-2: Ball 1-2: Strikes out looking
|
|
Batting: RHB Dave McBain
|
0-0: Called Strike 0-1: Foul Ball, location: 2F 0-2: Ground out 6-3 (Groundball, 56, EV 105.6 MPH)
|
|
Batting: RHB Elias Vences
|
0-0: Ball 1-0: Foul Ball, location: 2F 1-1: Foul Ball, location: 2F 1-2: Foul Ball, location: 2F 1-2: Ball 2-2: SINGLE (Line Drive, 4D, EV 102.5 MPH)
|
|
Batting: RHB Eric McMillian
|
Balk! Elias Vences to second 0-0: Ball 1-0: SINGLE (Line Drive, 7LS, EV 96.9 MPH) Elias Vences to third Runner from 3rd tries for Home, SAFE, throw by LF to home
|
|
Batting: RHB Adrian Cook
|
0-0: Ball 1-0: Fly out, F9 (Flyball, 89S, EV 84.4 MPH)
|
| Top of the 8th over - 1 run, 2 hits, 0 errors, 1 left on base; Calgary 12 - Tijuana 0 |
| BOTTOM OF THE 8TH |
|
Tijuana Toros batting - Pitching for Calgary Flames : LHP Dae-Jung Cho
|
|
Batting: RHB Mike Kaczor
|
0-0: Called Strike 0-1: Foul Ball, location: 2F 0-2: Fly out, F9 (Flyball, 89D, EV 80.6 MPH)
|
|
Batting: SHB Shane Marcum
|
0-0: Ball 1-0: Fly out, F8 (Flyball, 89D, EV 92.5 MPH)
|
|
Batting: RHB Ruben Irizarry
|
0-0: Called Strike 0-1: Called Strike 0-2: Foul Ball, location: 2F 0-2: Strikes out swinging
|
| Bottom of the 8th over - 0 runs, 0 hits, 0 errors, 0 left on base; Calgary 12 - Tijuana 0 |
| TOP OF THE 9TH |
|
Calgary Flames batting - Pitching for Tijuana Toros : RHP Theo Schepers
|
|
Batting: RHB Ricardo Ortiz
|
0-0: Called Strike 0-1: Ball 1-1: Foul Ball, location: 2F 1-2: Ball 2-2: Fly out, F9 (Flyball, 9S, EV 93.1 MPH)
|
|
Pitching: RHP Mesfin Azagba
|
|
|
Batting: RHB Mike MacLeod
|
0-0: Ball 1-0: Ball 2-0: Called Strike 2-1: Called Strike 2-2: Ball 3-2: Foul Ball, location: 2F 3-2: Strikes out swinging
|
|
Batting: RHB Ed Oake
|
0-0: Foul Ball, location: 2F 0-1: Ball 1-1: Ground out 5-3 (Groundball, 56S, EV 86.9 MPH)
|
| Top of the 9th over - 0 runs, 0 hits, 0 errors, 0 left on base; Calgary 12 - Tijuana 0 |
| BOTTOM OF THE 9TH |
|
Tijuana Toros batting - Pitching for Calgary Flames : LHP Dae-Jung Cho
|
|
Batting: LHB Nate Kee
|
0-0: Ball 1-0: Ball 2-0: SINGLE (Groundball, 4MD, EV 102.5 MPH)
|
|
Batting: LHB Steve Pond
|
0-0: Called Strike 0-1: SINGLE (Line Drive, 78M, EV 85.0 MPH) Nate Kee to second
|
|
Batting: RHB Chad Rojas
|
0-0: Ball 1-0: Grounds into double play, 4-6-3 (Groundball, 4, EV 80.6 MPH) Nate Kee to third
|
|
Batting: RHB Justin Curran
|
0-0: Called Strike 0-1: Swinging Strike 0-2: Strikes out swinging
|
| Bottom of the 9th over - 0 runs, 2 hits, 0 errors, 1 left on base; Calgary 12 - Tijuana 0 |
|